[Event "NSV chessemy IM 2022"]
[Site "Braunschweig"]
[Date "2022.08.06"]
[Round "8.1"]
[White "Brynell, Stellan"]
[Black "Pubantz, Jan"]
[Result "1-0"]
[ECO "D43"]
[WhiteElo "2387"]
[BlackElo "2269"]
[Annotator "TA"]
[PlyCount "127"]
[EventDate "2022.07.30"]
[EventType "tourn"]
[EventCountry "GER"]
[SourceTitle "playchess.com"]
[Source "ChessBase"]
[SourceQuality "1"]
[TimeControl "40/5400+30:1800+30"]

1. d4 d5 2. Nf3 Nf6 3. c4 c6 4. Qb3 e6 5. Bg5 Nbd7 6. Nc3 h6 {[%emt 0:01:18] The modern move.} 7. Bh4 {[%emt 0:00:11] D43: Semi-Slav: 5 Bg5 h6.} Be7 8. e3 O-O 9. Bd3 {[%emt 0:00:37] The position is equal. has lost popularity (9.Rc1).} dxc4 10. Bxc4 b5 11. Be2 a6 12. a4 b4 13. Nb1 c5 14. O-O Bb7 (14... g5 $5 15. Bg3 Bb7 $11) 15. Nbd2 cxd4 16. Nxd4 {[%emt 0:00:25] [#]} Rc8 $146 ({Predecessor:} 16... Nc5 17. Qd1 Nfe4 18. Bxe7 Qxe7 19. Nxe4 Bxe4 20. Bf3 e5 21. Bxe4 Nxe4 22. Nc6 Qe6 {1-0 (65) Forsaa,E (2313)-Hammerstad,A (2170) Norway 2008}) 17. Rfc1 Bd5 18. Qd1 Nc5 19. f3 Bb7 20. N2b3 Nxb3 21. Nxb3 Qxd1+ 22. Rxd1 Rc2 23. Rd2 (23. Kf1 {looks sharper.} Rxb2 24. Na5 Bd5 25. e4) 23... Rfc8 {[%emt 0:02:22] Threatens to win with ...Rxd2.} 24. Rad1 Rxd2 25. Rxd2 Bd8 {[%emt 0:01:41] [#]} (25... Bd5 $11 {remains equal.} 26. Nd4 (26. Bxa6 Ra8 $17) 26... Bb7) 26. e4 $1 $16 Bc7 27. Bg3 Kf8 28. Kf1 Bxg3 29. hxg3 Rc7 (29... e5 $16 {is a better defense.}) 30. Rd4 $18 Nd7 31. Rxb4 Ke7 32. Ke1 Bc8 33. Kd2 Ne5 34. f4 Nd7 35. Ke3 f6 36. Bc4 {[%emt 0:05:56] White is more active.} Nc5 (36... e5 $16 37. Bd3 Kd8) 37. Nxc5 Rxc5 {[%emt 0:00:00][%mdl 4096] Endgame KRB-KRB} 38. Kd4 Rc7 (38... Ra5 $142 39. e5 Kd7 40. exf6 gxf6) 39. b3 Rd7+ 40. Ke3 Rb7 41. Rxb7+ Bxb7 {[%emt 0:30:00] KB-KB} 42. Kd4 Kd6 $2 {[%emt 0:00:00] [#]} (42... a5 43. Be2 Kd7) 43. e5+ fxe5+ 44. fxe5+ Kd7 45. a5 g5 46. b4 h5 47. Ke3 h4 48. gxh4 {[%emt 0:00:00] White mates.} gxh4 49. Kf4 Bxg2 50. Bxa6 h3 51. Bb5+ Kc7 52. Kg3 Kb7 53. Bd7 Bf1 54. b5 Kc7 55. Bc6 Kb8 56. b6 Kc8 57. Bf3 Kb8 58. Bg4 Bc4 59. Bxh3 ({Less strong is} 59. a6 Bxa6 60. Bxe6 h2 61. Kxh2 (61. Bd5 Bb7 $11) 61... Kb7 $16) 59... Kb7 60. Bg2+ Ka6 61. Kf4 Bb5 62. Kg5 Bd7 63. Kf6 Bc8 64. b7 {[%emt 0:00:21] Weighted Error Value: White=0.05 (flawless) /Black=0.25 (precise)} 1-0

[Event "NSV chessemy IM 2022"]
[Site "Braunschweig"]
[Date "2022.08.06"]
[Round "8.2"]
[White "Knuedel, Torben"]
[Black "Sriram, Jha"]
[Result "1/2-1/2"]
[ECO "C94"]
[WhiteElo "2210"]
[BlackElo "2361"]
[Annotator "TA"]
[PlyCount "137"]
[EventDate "2022.07.30"]
[EventType "tourn"]
[EventCountry "GER"]
[SourceTitle "playchess.com"]
[Source "ChessBase"]
[SourceQuality "1"]
[TimeControl "40/5400+30:1800+30"]

1. e4 e5 2. Nf3 Nc6 3. Bb5 a6 4. Ba4 Nf6 5. O-O Be7 6. Re1 b5 7. Bb3 d6 8. c3 O-O 9. h3 Nb8 10. a4 {[%emt 0:00:05] C94: Closed Ruy Lopez: Breyer Variation with 10 d3.} Bb7 11. axb5 axb5 (11... Nxe4 {is more complex.} 12. d4 axb5 13. Rxa8 Bxa8 14. dxe5 Nc5) 12. Rxa8 Bxa8 13. d3 Nbd7 14. Na3 Qb8 15. Nc2 (15. Nh4 {keeps more tension.} Re8 16. Nf5 Bf8 17. Bg5) 15... Nc5 {[%emt 0:02:29] [#]} 16. Ne3 $146 ({Predecessor:} 16. Ba2 Qa7 17. Na3 Ncd7 18. b4 c5 19. Qc2 Qa6 20. c4 cxb4 21. Nxb5 Nc5 22. Bd2 Nxd3 23. Qxd3 Qxa2 24. Bxb4 Rd8 25. Nd2 {½-½ (25) Moskalenko,E (2219)-Schakel,C (2375) ICCF email 2013}) 16... Nxb3 17. Qxb3 g6 18. Ng4 Nxg4 19. hxg4 c5 20. Bh6 Rc8 21. Ra1 Bc6 22. Ng5 Be8 23. Qd5 Qc7 24. Ra8 Rxa8 25. Qxa8 Qd8 26. Qxd8 Bxd8 $15 {[%emt 0:00:02][%mdl 4096] Endgame KBB-KBN} 27. Nh3 Bd7 28. f3 f5 29. gxf5 gxf5 30. Kf1 Kf7 31. Bd2 c4 32. dxc4 bxc4 33. exf5 Bxf5 34. Ng5+ (34. g4 $15 Bc8 35. Nf2) 34... Kg6 $19 35. f4 exf4 36. Nf3 Bd3+ 37. Kf2 Kf5 (37... Bb6+ $17 38. Nd4 Bxd4+ 39. cxd4 Kf5) 38. Nd4+ $1 $15 Ke4 39. Bxf4 $1 d5 40. Bd6 (40. Ne6 $15) 40... Bg5 41. Ne6 Be3+ 42. Kg3 Bd2 ({Black should try} 42... Be2 $17) 43. Nc5+ {[%emt 0:03:25] [#]} (43. Kf2 $1 $15) 43... Ke3 $1 $17 44. Bf4+ Ke2 {[%emt 0:00:04] Threatens to win with ...Be1+.} 45. Bxd2 Kxd2 {[%emt 0:00:01] KB-KN} 46. Kf4 Bf1 (46... Kc2 $17 47. Ke3 Bf5) 47. g4 $1 $11 Kc2 48. Ke5 Kxb2 49. Kd4 h6 {[%emt 0:02:04][%cal Bh7h6,Bh6h5,Bh5h4,Bh4h3][%mdl 32] And now ...Be2 would win.} 50. Na4+ Kb3 51. Nb6 Be2 (51... Bg2 $5) 52. Nxd5 $2 (52. Kxd5 $11 Bf3+ 53. Kd4) 52... Bxg4 $19 53. Ne3 $2 (53. Ke3) 53... Be2 $2 (53... Be6 54. Ng2 h5) 54. Nf5 $2 (54. Nd5) 54... h5 55. Ng3 {[%emt 0:01:57] [#]} Bf3 $2 (55... Bd1 $1 $19 {( -> ...h4)} 56. Nf5 Bc2) 56. Ke3 $2 (56. Nf1 $11 {and White stays safe.} Be2 57. Ng3) 56... Bg4 ({Worse is} 56... Kxc3 57. Kxf3 h4 58. Ne4+ Kd4 59. Nd6 $11) 57. Kd2 h4 58. Nf1 h3 59. Nh2 Bh5 60. Nf1 Kb2 $2 (60... Bf7 61. Nh2 Bh5) 61. Nh2 Be2 $2 {[%emt 0:00:13] Against Nf1} 62. Kxe2 $11 {[%emt 0:00:08] The position is equal.} Kxc3 {[%emt 0:00:01] KN-KPP} 63. Nf3 Kb2 64. Kf2 c3 65. Nd4 Kc1 (65... h2 $5 66. Kg2 c2 67. Nxc2 Kxc2 $11) 66. Ne2+ Kd2 67. Nxc3 Kxc3 68. Kg3 h2 69. Kxh2 {[%emt 0:00:04] Whites escaped into a draw.  Weighted Error Value: White=0.43/Black=0.37} 1/2-1/2

[Event "NSV chessemy IM 2022"]
[Site "Braunschweig"]
[Date "2022.08.06"]
[Round "8.3"]
[White "Colbow, Collin"]
[Black "Sumets, Andrey"]
[Result "1/2-1/2"]
[ECO "B43"]
[WhiteElo "2325"]
[BlackElo "2542"]
[Annotator "TA"]
[PlyCount "37"]
[EventDate "2022.07.30"]
[EventType "tourn"]
[EventCountry "GER"]
[SourceTitle "playchess.com"]
[Source "ChessBase"]
[SourceQuality "1"]
[TimeControl "40/5400+30:1800+30"]

1. e4 c5 2. Nf3 e6 3. d4 cxd4 4. Nxd4 a6 5. Nc3 b5 6. Bd3 Qb6 7. Nb3 Qc7 8. O-O Nc6 {[%emt 0:00:53] B43: Sicilian: Kan Variation: 5 Nc3.} 9. f4 b4 {[%emt 0:01:27] [#]} ({Black should play} 9... d6 $14) 10. Na4 $1 $16 Nf6 11. Be3 Rb8 12. c4 bxc3 13. Nxc3 {[%emt 0:00:57] [#]} d6 $146 {[%emt 0:04:43] Against e5} ({Predecessor:} 13... h5 14. Be2 Rb4 15. Bf3 Qb8 16. Rf2 a5 17. Qe2 Bd6 18. e5 Nxe5 19. fxe5 Bxe5 {0-1 (67) Miroslaw,M (2280)-Jakubowski,K (2508) Pokrzywna 2018}) 14. Rc1 Qb7 (14... Be7 $142) 15. Qf3 (15. Na4 $142) 15... Be7 16. Qg3 {[%emt 0:06:43] [#] And now e5 would win.} Nh5 17. Qf3 {[%emt 0:01:06] White is more active.} Nf6 18. Qg3 Nh5 19. Qf3 {[%emt 0:03:21] Weighted Error Value: White=0.27 (precise) /Black=0.11 (very precise)} (19. Qf2 $16) 1/2-1/2

[Event "NSV chessemy IM 2022"]
[Site "Braunschweig"]
[Date "2022.08.06"]
[Round "8.4"]
[White "von Mettenheim, Johannes"]
[Black "Fischer, Daniel"]
[Result "0-1"]
[ECO "E12"]
[WhiteElo "2253"]
[BlackElo "2351"]
[Annotator "TA"]
[PlyCount "60"]
[EventDate "2022.07.30"]
[EventType "tourn"]
[EventCountry "GER"]
[SourceTitle "playchess.com"]
[Source "ChessBase"]
[SourceQuality "1"]
[TimeControl "40/5400+30:1800+30"]

1. d4 Nf6 2. c4 e6 3. Nf3 b6 4. a3 Bb7 5. Bf4 d5 6. cxd5 {[%emt 0:00:06] E12: Queen's Indian: Unusual White 4th moves, 4 a3, 4 Nc3 Bb7 5 a3 and 4 Nc3 Bb7 .} exd5 7. e3 Be7 {[%emt 0:02:36] [#]} 8. Qa4+ $146 {[%emt 0:06:07] White has an edge.} ({Predecessor:} 8. Bb5+ c6 9. Bd3 O-O 10. Nc3 Nbd7 11. Ne5 Re8 12. O-O Nxe5 13. dxe5 Nd7 14. Bg3 {½-½ (61) Parligras,M (2645)-Rakesh,K (2385) Abu Dhabi 2018}) 8... c6 9. h3 O-O 10. Nc3 Nbd7 11. Ba6 $2 (11. Rd1 $11 {and White is okay.}) 11... b5 $19 12. Nxb5 cxb5 13. Bxb5 Nb6 14. Qd1 (14. Qb3 $142) 14... Nc4 15. Bxc4 dxc4 16. O-O Qd5 17. Re1 Ne4 18. Qc2 Rac8 19. Ne5 Bh4 20. f3 Bxe1 21. fxe4 Qa5 22. Nf3 Bb4 23. Rf1 Be7 24. d5 f5 {[%emt 0:07:49][%cal Bf7f5,Bf5e4][%mdl 32] ...fxe4 is the strong threat.} 25. Nd4 fxe4 {[%emt 0:02:25] Black is clearly winning.} 26. d6 {[%emt 0:01:10] [#]} Rxf4 $1 27. Rxf4 (27. dxe7 Rxf1+) 27... Qe1+ 28. Rf1 Qxe3+ 29. Kh1 {[%emt 0:00:19] Threatens to win with Nf5.} Qxd4 30. dxe7 {[%emt 0:00:06] [#] Strongly threatening Qa4.} Qc5 {[%emt 0:00:48] White got outplayed after the opening.  Weighted Error Value: White=0.61/Black=0.13 (very precise)} 0-1

[Event "NSV chessemy IM 2022"]
[Site "Braunschweig"]
[Date "2022.08.06"]
[Round "8.5"]
[White "Voege, Tobias"]
[Black "Chennaoui, Yasin"]
[Result "1-0"]
[ECO "A21"]
[WhiteElo "2272"]
[BlackElo "2127"]
[Annotator "RC"]
[PlyCount "69"]
[EventDate "2022.07.30"]
[EventType "tourn"]
[EventCountry "GER"]
[SourceTitle "playchess.com"]
[Source "ChessBase"]
[SourceQuality "1"]
[TimeControl "40/5400+30:1800+30"]

1. c4 g6 2. Nc3 Bg7 3. Nf3 e5 4. g3 b6 5. Bg2 Bb7 6. O-O Nc6 7. Rb1 a5 8. a3 Nge7 9. Ne1 h5 10. Nc2 h4 11. Ne3 hxg3 12. fxg3 f5 13. Ned5 Nxd5 14. cxd5 Ne7 15. d6 Nc6 16. Nb5 cxd6 17. Nxd6+ Ke7 18. Nxb7 Qc7 19. d4 exd4 20. Bg5+ Bf6 21. Bxf6+ Kxf6 22. b4 axb4 23. axb4 Qe5 24. Qd3 Ra2 25. b5 Ne7 26. e4 d5 27. Rbe1 Rb8 28. exf5 Nxf5 29. Rxe5 Kxe5 30. Re1+ Ne3 31. Rxe3+ dxe3 32. Qxe3+ Kf6 33. Qd4+ Ke7 34. Qe5+ Kd7 35. Bh3# 1-0